 Dungeon Crawl Stone Soup version 0.19.1-1-g22dce08 (webtiles) character file.

652763 galech the Dwarven Barricade (level 27, -13/277 HPs)
             Began as a Deep Dwarf Fighter on Jan 2, 2017.
             Was the Champion of Makhleb.
             Mangled by a freezing wraith (15 damage)
             ... summoned by a greater mummy
             ... on level 1 of the Tomb of the Ancients on Jan 4, 2017.
             The game lasted 04:59:17 (67967 turns).

galech the Dwarven Barricade (Deep Dwarf Fighter)  Turns: 67967, Time: 04:59:18

Health: -13/277    AC: 36    Str: 33    XL:     27
Magic:  0/0        EV: 16    Int: 16    God:    Makhleb [******]
Gold:   4681       SH: 41    Dex: 11    Spells: 0 memorised, 26 levels left

rFire  + + .     SeeInvis .     v - +3 broad axe of Royalism {chop, rElec rF+ Str+3 Int+2}
rCold  . . .     Gourm    .     L - +7 chain mail of the Unstoppable Gods {Dex+3}
rNeg   + . .     Faith    .     D - +8 large shield {AC+3}
rPois  +         Spirit   .     A - +2 helmet
rElec  +         Reflect  +     s - +2 cloak
rCorr  +         Harm     .     P - +2 pair of gloves "Cebewy" {*Contam Str+5}
MR     +++++     Rnd*Rage +     W - +2 pair of boots
Stlth  ..........               H - amulet of the Griffon {Reflect MR+++ SH+5}
                                n - ring of resist corrosion
                                M - ring "Covon" {MR++ Int+5}

@: exhausted, non-regenerating, slowed, very slow
A: damage resistance, recharge devices, hooves 1, berserk 1, blurry vision 3,
clumsy 2, deformed body, deterioration 1, dopey 2, fire resistance 1, low mp 2,
magic resistance 1, negative energy resistance 1, sense surroundings 3, poison
resistance, screaming 3, shaggy fur 1, slow regeneration 3, weak 2, subdued
magic 3
a: Device Recharging, Minor Destruction, Lesser Servant of Makhleb, Major
Destruction, Greater Servant of Makhleb, Renounce Religion
}: 4/15 runes: serpentine, barnacled, slimy, silver


You were on level 1 of the Tomb of the Ancients.
You worshipped Makhleb.
Makhleb was exalted by your worship.
You were hungry.

You visited 14 branches of the dungeon, and saw 56 of its levels.
You visited the Abyss 1 time.
You also visited: Labyrinth, Trove and Ice Cave.

You collected 8387 gold pieces.
You spent 3706 gold pieces at shops.

Inventory:

Hand Weapons
 a - a +9 war axe of freezing
 v - the +3 broad axe of Royalism (weapon) {chop, rElec rF+ Str+3 Int+2}
   (You found it on level 5 of the Vaults)

   It inflicts extra damage upon your enemies.
   It affects your strength (+3).
   It affects your intelligence (+2).
   It protects you from fire.
   It insulates you from electricity.
 R - the +3 broad axe of Floods {chop, rN+}
   (You bought it in a shop on level 8 of the Dungeon)

   It inflicts extra damage upon your enemies.
   It protects you from negative energy.
 S - a +6 executioner's axe of draining
 Z - the +4 broad axe of Ushow {flame, +Blink rC+ Dex-4}
   (You found it on level 5 of the Pits of Slime)

   It has been specially enchanted to burn those struck by it, causing extra
   injury to most foes and up to half again as much damage against particularly
   susceptible opponents.
   Big, fiery blades are also staple armaments of hydra-hunters.
   It affects your dexterity (-4).
   It protects you from cold.
   It lets you blink.
Armour
 s - a +2 cloak (worn)
 A - a +2 helmet (worn)
 D - a +8 large shield of protection (worn)
 L - the +7 chain mail of the Unstoppable Gods (worn) {Dex+3}
   (You took it off a minotaur in a labyrinth)

   It affects your dexterity (+3).
 P - the +2 pair of gloves "Cebewy" (worn) {*Contam Str+5}
   (You found it on level 5 of the Vaults)

   It affects your strength (+5).
   It causes magical contamination when unequipped.
 W - a +2 pair of boots (worn)
Jewellery
 b - an uncursed ring of ice
 n - a ring of resist corrosion (right hand)
 q - an uncursed ring of positive energy
 t - an uncursed ring of see invisible
 y - an uncursed ring of protection from fire
 z - the ring "Lepiler" {rF+ Str+2 Int+3 Dex-4 Slay+3}
   (You found it on level 5 of the Pits of Slime)

   [ring of intelligence]

   It affects your strength (+2).
   It affects your intelligence (+3).
   It affects your dexterity (-4).
   It affects your accuracy and damage with ranged weapons and melee attacks
   (+3).
   It protects you from fire.
 C - an uncursed ring of positive energy
 E - the ring of Gozag's Delight {rC+ Str+3 Dex+2}
   (You found it in a treasure trove)

   [ring of dexterity]

   It affects your strength (+3).
   It affects your dexterity (+2).
   It protects you from cold.
 H - the amulet of the Griffon (around neck) {Reflect MR+++ SH+5}
   (You found it on level 1 of the Crypt)

   [amulet of reflection]

   It shields you and reflects attacks.
   It affects your resistance to hostile enchantments.
   It affects your SH (+5).
 J - a +4 ring of slaying
 K - an uncursed amulet of rage
 M - the ring "Covon" (left hand) {MR++ Int+5}
   (You bought it in a shop on level 3 of the Elven Halls)

   [ring of intelligence]

   It affects your intelligence (+5).
   It affects your resistance to hostile enchantments.
 O - an uncursed ring of protection from cold
 T - the ring of Darkness {Int+2 Stlth+}
   (You found it on level 4 of the Depths)

   [ring of intelligence]

   It affects your intelligence (+2).
   It makes you more stealthy.
 V - the ring "Zipaqaad" {rPois Str+3}
   (You took it off a deep elf blademaster on level 3 of the Elven Halls)

   [ring of strength]

   It affects your strength (+3).
   It protects you from poison.
 Y - an uncursed ring of flight
Wands
 e - a wand of heal wounds (0/9)
 o - a wand of polymorph (9/24)
 B - a wand of digging (9/24)
Scrolls
 h - 9 scrolls of blinking
 j - 14 scrolls of teleportation
 r - 16 scrolls of remove curse
 F - a scroll of silence
 N - 14 scrolls of magic mapping
 Q - 7 scrolls of identify
 U - a scroll of enchant weapon
 X - a scroll of fear
Potions
 c - a potion of beneficial mutation
 d - 4 potions of might
 g - 7 potions of agility
 i - 3 potions of berserk rage
 l - 29 potions of curing
 u - 7 potions of haste
 x - 9 potions of flight
 I - a potion of brilliance
Comestibles
 f - 21 bread rations
 k - 12 beef jerkies
 p - 6 royal jellies
 w - 17 fruits
 G - 19 meat rations


   Skills:
 + Level 22.1 Fighting
 + Level 26.9 Axes
 + Level 17.3 Armour
 + Level 13.5 Dodging
 + Level 4.4 Stealth
 O Level 27 Shields
 + Level 8.2 Evocations


You had 26 spell levels left.
You didn't know any spells.

Dungeon Overview and Level Annotations

Branches:
Dungeon (15/15)            Temple (1/1) D:5            Lair (6/6) D:8
 Shoals (4/4) Lair:2        Snake (4/4) Lair:4        Slime (5/5) Lair:6
    Orc (2/2) D:10            Elf (3/3) Orc:2        Vaults (5/5) D:13
  Crypt (3/3) Vaults:2       Tomb (1/3) Crypt:3      Depths (5/5) D:15
   Hell (1/1)                 Dis (1/7) Hell            Geh (0/7) Hell
    Coc (0/7) Hell            Tar (0/7) Hell            Zot (0/5) Depths:5

Altars:
Ashenzari
Cheibriados
Dithmenos
Elyvilon
Fedhas
Gozag
Hepliaklqana
Kikubaaqudgha
Makhleb
Nemelex Xobeh
Okawaru
Qazlal
Ru
Sif Muna
Trog
Uskayaw
Vehumet
Xom
Yredelemnul
Zin
The Shining One
Jiyva

Shops:
D:4 *   D:8 (   Orc:2 ?:?}   Elf:3 !=}}   Shoals:4 [   Snake:1 *[*[
Vaults:2 :   Depths:3 (

Portals:
Hell: Depths:1 Depths:2 Depths:3 Depths:4 Depths:5
Abyss: Depths:4
Pandemonium: Depths:3 Depths:4
Ziggurat: Depths:3


Innate Abilities, Weirdness & Mutations

You are resistant to damage.
You can recharge devices by infusing magical energy.
You resist negative energy. (rN+)
You passively map a large area around you.
You do not regenerate.
You have large cloven feet.
You tend to lose your temper in combat.
Scrolls take you much longer to read.
You are very clumsy. (Dex -4)
Armour fits poorly on your strangely shaped body.
Your body sometimes deteriorates upon taking damage.
You are very dopey. (Int -4)
Your flesh is heat resistant. (rF+)
Your magical capacity is very low. (-20% MP)
You are resistant to hostile enchantments. (MR+)
Your system is resistant to poisons. (rPois)
You frequently scream uncontrollably at your foes.
You are covered in fur. (AC +1)
You are very weak. (Str -4)
Your spells are much easier to cast, but much less powerful.


Message History

The greater mummy is heavily damaged.
You hit the guardian mummy.
You destroy the guardian mummy!
Makhleb accepts your kill.
You feel better.
You feel extremely nervous for a moment...
You convulse helplessly as pain tears through your body!
* * * LOW HITPOINT WARNING * * *
You slice something!! You closely miss the shadow.
You hit the freezing wraith but do no damage.
The jiangshi claws you but does no damage.
You block the jiangshi's attack. The orange demon stings you from afar.
The greater mummy barely misses you.
The phantasmal warrior blinks!
The wight closely misses you. You block the shadow's attack.
You block the jiangshi's attack.
The jiangshi claws you but does no damage.
The freezing wraith hits you!
* * * LOW HITPOINT WARNING * * *
The freezing wraith freezes you!!
You die...

,, #.........# * * * **
#.........# * , *
#.........# , ,,
#.ยง.......# * * , ,
#.........# * , * ,
#.........# ,, *
*#WZ.......# , , *
#MV4......# , , , ,
#@nM......# , * , ,
#WW4n.....# , * , ,
#W4zZ.....# ,,, ,
#zWM......# * *#.........#
* * *#.........#
################.........#
........M3.W.4...........#
.....3...4.zM............#


You could see a greater mummy, a mummy priest, a jiangshi, 3 orange demons, a
phantasmal warrior, a freezing wraith, a hungry ghost, a wraith, 2 necrophages,
a shadow, a mummy, 2 wights, a dire elephant zombie and a fire dragon zombie.

Vanquished Creatures
  the Royal Jelly (Slime:5)
  Dissolution (Slime:5)
  Mara (Depths:1)
  3 ancient liches (Crypt:3)
  Vashnia (Snake:2)
  Xtahua (Depths:4)
  3 caustic shrikes (Depths:4)
  Geryon (Hell)
  6 golden dragons
  A Brimstone Fiend (Dis:1)
  5 tentacled monstrosities
  3 deep elf blademasters
  3 liches
  3 Ice Fiends
  3 quicksilver dragons
  Asterion (Vaults:3)
  2 deep elf master archers (Elf:3)
  2 titans
  19 acid blobs
  2 krakens
  10 ancient champions
  8 sphinxes
  Gastronok (D:8)
  2 storm dragons (Depths:4)
  4 draconian monks
  Agnes (D:15)
  Kirke (Snake:1)
  4 shadow dragons
  6 tengu reavers
  5 revenants
  9 nagarajas
  The ghost of Adolfin the Executioner, a journeyman MiBe of Trog (Depths:1)
  Ilsuiw (Shoals:4)
  A draconian knight (Depths:1)
  9 fire giants
  15 azure jellies
  4 deep elf sorcerers
  An orc warlord (Orc:2)
  2 draconian zealots
  A curse skull (Crypt:3)
  A draconian scorcher (Depths:1)
  Louise (D:15)
  Aizul (Snake:4)
  2 iron dragons
  13 frost giants
  A cacodemon (Dis:1)
  19 vault wardens
  3 draconian annihilators (Depths:5)
  A deep elf elementalist (Vaults:5)
  25 stone giants
  7 reapers
  2 war gargoyles (Vaults:4)
  13 ghouls
  7 very ugly things
  2 spriggan defenders (Depths:5)
  A draconian caller (Depths:1)
  4 vampire knights
  14 ironheart preservers
  3 entropy weavers
  A lorocyproca (Hell)
  9 deep elf annihilators
  A green draconian (Depths:5)
  A purple draconian (Depths:5)
  3 white draconians (Depths:5)
  7 deep elf demonologists
  5 red draconians (Depths:5)
  16 spark wasps
  4 black draconians (Depths:5)
  2 green deaths (Snake:2)
  A minotaur (Lab)
  8 deep elf death magi
  9 merfolk javelineers
  4 eidola
  8 fire dragons
  13 ettins
  3 death oozes
  8 jiangshi
  A spectral golden dragon (Crypt:1)
  11 merfolk impalers
  4 deep elf high priests
  10 great orbs of eyes
  A quicksilver dragon zombie (Dis:1)
  16 yaktaur captains
  5 ice dragons
  5 rakshasas
  35 vault guards
  11 naga warriors
  10 hydras
  A monstrous demonspawn (Depths:3)
  7 anacondas
  11 death knights
  A spriggan air mage (Depths:5)
  The ghost of bananaglory the Nimble, a journeyman TeFE of Vehumet (Lair:3)
  2 hell beasts (Hell)
  A merfolk avatar (Shoals:4)
  12 centaur warriors
  2 tengu warriors
  An alligator snapping turtle (Shoals:2)
  A satyr (Shoals:4)
  24 death yaks
  5 merfolk aquamancers
  6 death scarabs (Tomb:1)
  8 deep troll earth magi
  Erica (Lair:2)
  10 deep troll shamans
  13 naga sharpshooters
  14 ogre magi
  6 vampire magi
  11 hell hogs (Hell)
  27 dancing weapons
  5 shock serpents
  A spriggan berserker (Depths:5)
  An orc high priest (Orc:2)
  10 hell knights
  8 soul eaters
  23 deep elf knights
  4 sun demons (Hell)
  6 iron trolls
  A wretched star (Abyss:2)
  6 salamander mystics
  A storm dragon skeleton (Tomb:1)
  A sixfirhy (Abyss:2)
  2 death drakes
  62 skeletal warriors
  3 unseen horrors
  6 shadow wraiths
  A quicksilver dragon simulacrum (Hell)
  7 flayed ghosts
  An anaconda zombie (Crypt:2)
  2 starcursed masses (Abyss:2)
  2 glowing orange brains
  9 naga ritualists
  9 wizards
  19 sea snakes
  A glowing orange brain (shapeshifter) (Depths:1)
  15 deep elf archers
  8 lindwurms
  25 deep trolls
  An unseen horror (shapeshifter) (Elf:2)
  5 hill giants
  13 phantasmal warriors
  A harpy (shapeshifter) (D:15)
  15 ironbrand convokers
  7 mana vipers
  An anaconda skeleton (Hell)
  2 golden dragon skeletons
  An oklob plant (Lair:3)
  11 orc knights
  19 harpies
  10 orc sorcerers
  A wolf spider zombie (D:15)
  17 manticores
  6 cyclopes
  64 deep elf magi
  6 wolf spiders
  A human zombie (Vaults:1)
  71 ugly things
  9 necromancers
  2 shadow dragon skeletons
  A salamander (shapeshifter) (D:13)
  23 salamanders
  2 centaur zombies
  2 fauns (Shoals:1)
  3 stone giant zombies
  9 elephants
  An elephant (shapeshifter) (Vaults:4)
  9 sirens
  21 vault sentinels
  A fire giant skeleton (Depths:1)
  54 black mambas
  15 shining eyes
  2 frost giant skeletons
  2 rust devils
  4 guardian serpents
  A guardian serpent (shapeshifter) (Vaults:5)
  3 smoke demons
  3 molten gargoyles (Hell)
  A shock serpent zombie (Tomb:1)
  15 naga magi
  3 torpor snails
  A stone giant skeleton (Crypt:3)
  Joseph (D:8)
  6 water nymphs
  2 ice statues (IceCv)
  9 eyes of devastation
  14 spiny frogs
  A spiny frog (shapeshifter) (Vaults:1)
  A storm dragon simulacrum (Crypt:2)
  2 hellions
  5 centaur skeletons
  A kobold demonologist (D:14)
  Psyche (D:9)
  A gargoyle (D:14)
  14 komodo dragons
  A dire elephant skeleton (Hell)
  A mottled draconian zombie (Crypt:3)
  A komodo dragon (shapeshifter) (Vaults:4)
  A yaktaur zombie (Vaults:1)
  33 yaktaurs
  16 freezing wraiths
  A redback zombie (D:15)
  A yaktaur skeleton (Depths:1)
  2 tormentors (Dis:1)
  7 rime drakes
  A hellwing (Depths:3)
  19 ice devils
  A white draconian skeleton (Crypt:2)
  32 merfolk
  3 hydra zombies (Hell)
  4 tengu conjurers
  A harpy zombie (D:14)
  9 guardian mummies
  A queen bee (Lair:4)
  6 trolls
  2 jumping spiders (Vaults:2)
  5 red devils (Hell)
  7 wind drakes
  4 meliai
  27 two-headed ogres
  A wolf spider simulacrum (D:14)
  A meliai (shapeshifter) (Vaults:1)
  52 slime creatures
  A fire dragon zombie (Crypt:1)
  A polar bear (shapeshifter) (Elf:1)
  A tarantella zombie (Crypt:2)
  2 bog bodies
  12 blink frogs
  10 hornets
  A hydra skeleton (Hell)
  2 stone giant simulacra (Vaults:1)
  A two-headed ogre (shapeshifter) (Elf:2)
  2 meliai zombies
  9 dream sheep
  14 hippogriffs
  A tarantella (Vaults:2)
  22 flying skulls
  2 centaur simulacra (D:15)
  A fire dragon skeleton (Crypt:3)
  5 snapping turtles (Shoals:4)
  An ettin zombie (Dis:1)
  8 redbacks
  9 shadows
  9 air elementals
  An ice dragon skeleton (Crypt:3)
  A yak (shapeshifter) (Elf:1)
  A deep troll skeleton (Depths:1)
  2 alligator skeletons (Hell)
  24 water elementals
  An orc simulacrum (Vaults:2)
  An ushabti (Tomb:1)
  34 yaks
  3 spriggans
  11 wyverns
  7 hungry ghosts
  13 wraiths
  A hill giant zombie (Crypt:2)
  5 basilisks
  2 humans (shapeshifter)
  7 fire elementals
  6 golden eyes (Slime:4)
  5 hogs (Snake:1)
  2 neqoxecs (Depths:3)
  A warg (shapeshifter) (Vaults:3)
  4 vampire mosquitoes (D:14)
  Menkaure (D:4)
  A steam dragon (Lair:6)
  A yaktaur simulacrum (Depths:1)
  56 nagas
  2 mottled dragons
  A faun zombie (Crypt:2)
  5 wargs
  A deep troll zombie (Vaults:1)
  3 large abominations
  A soldier ant (D:11)
  40 water moccasins
  4 porcupines
  An ice beast (shapeshifter) (Depths:4)
  A floating eye (Depths:2)
  7 swamp drakes
  A hell hound (Hell)
  An ice beast (D:12)
  39 orc warriors
  2 hornet zombies
  6 sky beasts
  A black bear (shapeshifter) (Vaults:1)
  10 eyes of draining
  A spiny frog skeleton (Hell)
  A dream sheep zombie (Crypt:2)
  An ettin simulacrum (Depths:1)
  5 necrophages
  55 ogres
  3 boggarts
  3 phantoms
  10 wolves
  A snapping turtle skeleton (Crypt:1)
  19 centaurs
  A swamp dragon skeleton (Hell)
  A hog zombie (Crypt:3)
  19 crocodiles
  A rime drake zombie (Crypt:3)
  5 big kobolds
  A draconian zombie (Crypt:1)
  10 bullfrogs
  A hippogriff zombie (Crypt:1)
  A hippogriff skeleton (Crypt:1)
  A draconian skeleton (Crypt:2)
  2 earth elementals
  A glowing shapeshifter simulacrum (Vaults:1)
  A wyvern skeleton (D:8)
  A scorpion (D:14)
  10 wights
  37 killer bees
  A raiju skeleton (Crypt:2)
  An electric eel (Elf:3)
  6 howler monkeys
  15 crimson imps
  A wolf skeleton (Crypt:2)
  2 bullfrog zombies
  3 quasits
  7 jellies
  A wyvern simulacrum (D:15)
  26 orc priests
  2 bullfrog skeletons
  7 hounds
  53 orc wizards
  7 iron imps
  12 iguanas
  Natasha (thrice) (D:4)
  A basilisk skeleton (Crypt:2)
  7 hell rats
  22 worker ants
  A mottled dragon zombie (Crypt:1)
  A sky beast zombie (Crypt:1)
  A tengu skeleton (Dis:1)
  A felid skeleton (Crypt:1)
  A hound zombie (D:8)
  5 human simulacra
  A hound skeleton (D:5)
  2 mummies
  A hell rat zombie (Crypt:3)
  2 worker ant zombies
  An adder (shapeshifter) (D:14)
  18 adders
  8 gnolls
  4 river rats (D:8)
  6 shadow imps
  9 white imps
  6 ufetubi (IceCv)
  An ooze (D:6)
  A lava snake zombie (Crypt:3)
  An adder skeleton (D:5)
  A worm (D:2)
  2 dart slugs (D:1)
  4 leopard geckos
  93 orcs
  2 ball pythons
  2 giant cockroaches (D:2)
  6 goblins
  12 hobgoblins
  12 jackals
  27 kobolds
  4 quokkas
  23 bats
  A frilled lizard (D:1)
  A gnoll skeleton (Crypt:1)
  A hobgoblin zombie (Crypt:1)
  2 jackal skeletons
  A quokka skeleton (Crypt:3)
  8 rats
  3 bushes
  2 crawling corpses (Vaults:5)
  7 fungi
  26 plants
  7 tentacles
2739 creatures vanquished.

Vanquished Creatures (others)
  A draconian monk (Depths:5)
  2 vault wardens (Vaults:5)
  An ironheart preserver (Vaults:5)
  4 stone giants
  A deep elf demonologist (Vaults:5)
  A yaktaur captain (Vaults:3)
  A centaur warrior (Vaults:4)
  A hell hog (Hell)
  A deep elf archer (Vaults:4)
  A lindwurm (Depths:5)
  2 ironbrand convokers
  9 yaktaurs
  An ice devil (Hell)
  A fire elemental (Hell)
  4 ogres
  An orc priest (Orc:2)
  An orc wizard (Vaults:5)
  3 white imps (IceCv)
  An ufetubus (IceCv)
  An orc (Orc:1)
  2 kobolds (D:14)
  A bush (Lair:6)
  15 fungi
  43 plants
  18 tentacles
117 creatures vanquished.

Grand Total: 2856 creatures vanquished

Notes
Turn   | Place    | Note
-------+----------+-------------------------------------------
     0 | D:1      | galech the Deep Dwarf Fighter began the quest for the Orb.
     0 | D:1      | Reached XP level 1. HP: 20/20 MP: 1/1
   235 | D:1      | Reached XP level 2. HP: 27/27 MP: 2/2
   534 | D:1      | Reached XP level 3. HP: 26/34 MP: 3/3
  1283 | D:2      | Reached XP level 4. HP: 39/42 MP: 4/4
  1704 | D:3      | Reached XP level 5. HP: 35/49 MP: 5/5
  1707 | D:3      | Found an opulent altar of Gozag.
  1873 | D:3      | Found a bloodstained altar of Trog.
  2350 | D:3      | Reached skill level 1 in Dodging
  2350 | D:3      | Reached skill level 4 in Shields
  2612 | D:4      | Reached XP level 6. HP: 49/56 MP: 5/5
  2628 | D:4      | Noticed Natasha
  2633 | D:4      | Killed Natasha
  2727 | D:4      | Noticed Natasha
  2732 | D:4      | Killed Natasha
  2746 | D:4      | Noticed Natasha
  2753 | D:4      | Killed Natasha
  2753 | D:4      | Reached skill level 5 in Axes
  2936 | D:4      | Noticed Menkaure
  2946 | D:4      | Killed Menkaure
  2946 | D:4      | Reached skill level 5 in Armour
  2946 | D:4      | Reached XP level 7. HP: 41/62 MP: 6/6
  3082 | D:4      | Found Santiyxo's General Store.
  3210 | D:5      | Entered Level 5 of the Dungeon
  3225 | D:5      | Reached skill level 1 in Evocations
  3242 | D:5      | Reached skill level 5 in Shields
  3492 | D:5      | Found a staircase to the Ecumenical Temple.
  3622 | Temple   | Entered the Ecumenical Temple
  3912 | Temple   | Became a worshipper of Makhleb the Destroyer
  3964 | D:5      | Reached skill level 1 in Stealth
  3964 | D:5      | Reached XP level 8. HP: 43/72 MP: 5/5
  4034 | D:5      | Found a white marble altar of Elyvilon.
  4034 | D:5      | Found a sacrificial altar of Ru.
  4650 | D:6      | Reached skill level 6 in Shields
  4902 | D:7      | Reached * piety under Makhleb
  4940 | D:7      | Gained mutation: Your spells are a little easier to cast, but a little less powerful. [mutagenic meat]
  4941 | D:7      | Gained mutation: You are robust. (+10% HP) [mutagenic meat]
  4942 | D:7      | Gained mutation: You are weak. (Str -2) [mutagenic meat]
  4943 | D:7      | Gained mutation: You are partially covered in icy blue scales. (AC +2) [mutagenic meat]
  4944 | D:7      | Gained mutation: Your system is resistant to poisons. (rPois) [mutagenic meat]
  4975 | D:7      | Found a sparkling altar of Nemelex Xobeh.
  5029 | D:7      | Gained mutation: You passively map the area around you. [Deep Dwarf growth]
  5029 | D:7      | Reached XP level 9. HP: 42/86 MP: 6/6
  5197 | D:7      | Gained mutation: You are resistant to hostile enchantments. (MR+) [mutagenic meat]
  5198 | D:7      | Gained mutation: You have large cloven feet. [mutagenic meat]
  5199 | D:7      | Gained mutation: You have an increased reservoir of magic. (+10% MP) [mutagenic meat]
  5200 | D:7      | Gained mutation: You are very robust. (+20% HP) [mutagenic meat]
  5201 | D:7      | Gained mutation: You are clumsy. (Dex -2) [mutagenic meat]
  5659 | D:7      | Reached skill level 7 in Shields
  5844 | D:8      | Reached ** piety under Makhleb
  5848 | D:8      | Reached skill level 5 in Fighting
  6083 | D:8      | Found a staircase to the Lair.
  6320 | D:4      | Bought a scroll of brand weapon for 220 gold pieces
  6320 | D:4      | Bought a scroll of enchant weapon for 82 gold pieces
  6411 | D:8      | Found Sanui's Antique Weapon Shoppe.
  6435 | D:8      | Noticed Gastronok
  6483 | D:8      | Killed Gastronok
  6483 | D:8      | Reached skill level 10 in Axes
  6483 | D:8      | Reached skill level 8 in Shields
  6483 | D:8      | Reached XP level 10. HP: 96/105 MP: 5/7
  6655 | D:8      | Bought a slimy broad axe for 189 gold pieces
  6655 | D:8      | Identified the +3 broad axe of Floods {chop, rN+} (You bought it in a shop on level 8 of the Dungeon)
  7122 | D:8      | Noticed Joseph
  7131 | D:8      | Killed Joseph
  7138 | D:8      | Found a shattered altar of Ashenzari.
  7466 | D:9      | Reached *** piety under Makhleb
  7515 | D:9      | Found a shimmering altar of Xom.
  7695 | D:9      | Reached skill level 5 in Dodging
  7848 | D:9      | Noticed Psyche
  7859 | D:9      | Killed Psyche
  8076 | D:10     | Entered Level 10 of the Dungeon
  8088 | D:10     | Found a white marble altar of Elyvilon.
  8390 | D:10     | Reached skill level 9 in Shields
  8533 | D:10     | Found a staircase to the Orcish Mines.
  8772 | D:11     | Noticed a hill giant
  8785 | D:11     | Killed a hill giant
  8785 | D:11     | Reached XP level 11. HP: 116/116 MP: 7/7
  8819 | D:11     | Noticed a white ugly thing
  8821 | D:11     | Found a labyrinth entrance.
  8829 | D:11     | Killed a white ugly thing
  8829 | D:11     | Reached **** piety under Makhleb
  8853 | Lab      | Entered a labyrinth
 11677 | Lab      | Noticed a minotaur
 11697 | Lab      | Killed a minotaur
 11705 | Lab      | Got a spiked chain mail
 11710 | Lab      | Got a bloodstained leather armour
 11722 | Lab      | Identified the +7 chain mail of the Unstoppable Gods {Dex+3} (You took it off a minotaur in a labyrinth)
 11732 | Lab      | Identified the +5 leather armour of Anaesthesia {Dex+3} (You found it in a labyrinth)
 11888 | D:11     | Noticed a brown ugly thing
 11910 | D:11     | Killed a brown ugly thing
 12044 | D:11     | Lost mutation: You are very robust. (+20% HP) [mutagenic meat]
 12045 | D:11     | Gained mutation: Your flesh is heat resistant. (rF+) [mutagenic meat]
 12047 | D:11     | Lost mutation: You are weak. (Str -2) [mutagenic meat]
 12117 | D:11     | Killed an unseen horror
 12171 | D:11     | Noticed an eight-headed hydra
 12181 | D:11     | Killed a 12-headed hydra
 12181 | D:11     | Reached skill level 10 in Shields
 12336 | Lair:1   | Entered Level 1 of the Lair of Beasts
 12883 | Lair:1   | Reached XP level 12. HP: 119/119 MP: 7/7
 13317 | Lair:2   | Noticed Erica
 13324 | Lair:2   | Killed Erica
 13406 | Lair:2   | Found a staircase to the Shoals.
 13575 | Lair:2   | Reached ***** piety under Makhleb
 14305 | Lair:2   | Reached skill level 11 in Shields
 14383 | Shoals:1 | Entered Level 1 of the Shoals
 14383 | Shoals:1 | Noticed a kraken
 14408 | Shoals:1 | Killed a kraken
 14460 | Shoals:1 | Reached skill level 10 in Armour
 14470 | Shoals:1 | Noticed a merfolk impaler
 14519 | Shoals:1 | Killed a merfolk impaler
 14545 | Shoals:1 | Noticed a merfolk javelineer
 14572 | Shoals:1 | Killed a merfolk javelineer
 14712 | Shoals:1 | You fall through a shaft!
 14724 | Shoals:2 | Reached skill level 12 in Shields
 14763 | Shoals:2 | Found a frozen archway.
 14769 | IceCv    | Entered an ice cave
 21049 | IceCv    | Reached XP level 13. HP: 129/129 MP: 7/7
 21217 | IceCv    | Noticed an Ice Fiend
 21218 | IceCv    | Noticed an Ice Fiend
 21255 | IceCv    | Killed an Ice Fiend
 21354 | IceCv    | Killed an Ice Fiend
 21395 | IceCv    | Got a warped demon blade
 21599 | Lair:2   | Reached skill level 5 in Evocations
 21772 | D:12     | Reached skill level 15 in Axes
 21854 | D:12     | Lost mutation: You have an increased reservoir of magic. (+10% MP) [mutagenic meat]
 21856 | D:12     | Lost mutation: Your spells are a little easier to cast, but a little less powerful. [mutagenic meat]
 21857 | D:12     | Lost mutation: You are clumsy. (Dex -2) [mutagenic meat]
 22426 | Orc:1    | Entered Level 1 of the Orcish Mines
 22524 | Orc:2    | Entered Level 2 of the Orcish Mines
 22524 | Orc:2    | Found Jelyps's Quality Used Wands.
 22654 | Orc:2    | Found a staircase to the Elven Halls.
 22789 | Orc:2    | Reached ****** piety under Makhleb
 22878 | Orc:2    | Reached skill level 13 in Shields
 22896 | Orc:2    | Paralysed by an orc sorcerer for 2 turns
 22944 | Orc:2    | Found Huud's Magic Scroll Emporium.
 22944 | Orc:2    | Found Opaxzuziop's Book Shoppe.
 22945 | Orc:2    | Found Nuar's Magic Scroll Shoppe.
 22949 | Orc:2    | Found Kuirghy's Armour Emporium.
 22993 | Orc:2    | Bought a scroll of magic mapping for 45 gold pieces
 22993 | Orc:2    | Bought a scroll of enchant weapon for 97 gold pieces
 22993 | Orc:2    | Bought a scroll of identify for 26 gold pieces
 22993 | Orc:2    | Bought a scroll of identify for 26 gold pieces
 22993 | Orc:2    | Bought a scroll of identify for 26 gold pieces
 23000 | Orc:2    | Bought a scroll of enchant armour for 105 gold pieces
 23000 | Orc:2    | Bought a scroll of identify for 28 gold pieces
 23001 | Orc:2    | Identified the +8 demon blade of Perub {venom, +Inv MR- Int+3} (You found it in an ice cave)
 23804 | Orc:1    | Noticed an orc warlord
 23824 | Orc:2    | Gained mutation: You resist negative energy. (rN+) [Deep Dwarf growth]
 23824 | Orc:2    | Reached XP level 14. HP: 141/141 MP: 0/0
 23833 | Orc:2    | Killed an orc warlord
 24252 | D:13     | Got an encrusted leather armour
 24263 | D:13     | Identified the cursed +1 leather armour of the Untouchables {rN+ rCorr Str+2 Int+4} (You found it on level 13 of the Dungeon)
 24423 | D:13     | Found a gate to the Vaults.
 25122 | D:13     | Reached skill level 10 in Fighting
 25435 | D:14     | Reached skill level 14 in Shields
 26149 | D:15     | Entered Level 15 of the Dungeon
 26149 | D:15     | Noticed Agnes
 26181 | D:15     | Killed Agnes
 26515 | D:15     | Reached XP level 15. HP: 154/154 MP: 1/1
 26613 | D:15     | Reached skill level 15 in Shields
 26648 | D:15     | Found a staircase to the Depths.
 26747 | D:15     | Noticed Louise
 26780 | D:15     | Killed Louise
 26856 | D:15     | Found a portal to a secret trove of treasure.
 27990 | Shoals:2 | Reached skill level 16 in Shields
 28596 | Shoals:3 | Noticed a kraken
 28623 | Shoals:3 | Killed a kraken
 28863 | Shoals:4 | Entered Level 4 of the Shoals
 28865 | Shoals:4 | Noticed Ilsuiw
 28994 | Shoals:4 | Killed Ilsuiw
 29014 | Shoals:4 | Reached XP level 16. HP: 158/165 MP: 2/2
 29091 | Shoals:4 | Found Puynut's Antique Armour Shop.
 29114 | Shoals:4 | Bought a distressingly furry shield for 285 gold pieces
 29114 | Shoals:4 | Bought an embroidered cloak for 315 gold pieces
 29153 | Shoals:4 | Identified the cursed +0 shield of the Shore {rCorr Dex+3} (You bought it in a shop on level 4 of the Shoals)
 29185 | Shoals:4 | Reached skill level 17 in Shields
 29206 | Shoals:4 | Cast into level 2 of the Abyss (merfolk impaler)
 29223 | Abyss:2  | Found a basalt altar of Yredelemnul.
 29363 | Shoals:4 | Escaped the Abyss
 30076 | Shoals:4 | Got a barnacled rune of Zot
 30114 | Shoals:4 | Reached skill level 18 in Shields
 30542 | Lair:3   | Got a pair of warped gloves
 30557 | Lair:3   | Identified the cursed -2 pair of gloves "Tauto" {Regen+} (You found it on level 3 of the Lair of Beasts)
 30782 | Lair:3   | Noticed bananaglory's ghost (journeyman TeFE)
 30789 | Lair:3   | Killed bananaglory's ghost
 31487 | Lair:4   | Found a staircase to the Snake Pit.
 31743 | Lair:4   | Reached XP level 17. HP: 176/176 MP: 3/3
 32838 | Lair:6   | Entered Level 6 of the Lair of Beasts
 32946 | Lair:6   | Found a staircase to the Slime Pits.
 32984 | Lair:6   | Reached skill level 19 in Shields
 34224 | Snake:1  | Entered Level 1 of the Snake Pit
 34463 | Snake:1  | Found Qimp's Assorted Antiques.
 34463 | Snake:1  | Found Qotzixaunk's Armour Shoppe.
 34464 | Snake:1  | Found Cuhitz's Antique Armour Emporium.
 34466 | Snake:1  | Found Qigodeig's General Store.
 34500 | Snake:1  | Bought a glowing cloak for 346 gold pieces
 34500 | Snake:1  | Bought a pair of glowing boots for 346 gold pieces
 34931 | Snake:1  | Noticed Kirke
 34947 | Snake:1  | Killed Kirke
 35040 | Snake:1  | Got a faintly glowing chain mail
 35051 | Snake:1  | Identified the +4 chain mail of the Ward {rN+} (You found it on level 1 of the Snake Pit)
 35598 | Snake:2  | Noticed Vashnia
 35617 | Snake:2  | Gained mutation: You passively map a large area around you. [Deep Dwarf growth]
 35617 | Snake:2  | Reached XP level 18. HP: 188/188 MP: 5/5
 35666 | Snake:2  | Killed Vashnia
 35666 | Snake:2  | Reached skill level 20 in Shields
 35755 | Snake:2  | Found a runed door.
 36184 | Snake:3  | Found a burning altar of Makhleb.
 36796 | Snake:4  | Entered Level 4 of the Snake Pit
 37141 | Snake:4  | Noticed Aizul
 37154 | Snake:4  | Killed Aizul
 37194 | Snake:4  | Reached skill level 21 in Shields
 37682 | Snake:4  | Reached XP level 19. HP: 199/199 MP: 6/6
 37797 | Snake:4  | Got a serpentine rune of Zot
 38571 | Vaults:1 | Entered Level 1 of the Vaults
 38660 | Depths:1 | Entered Level 1 of the Depths
 38845 | Depths:1 | Noticed Mara
 38859 | Depths:1 | Noticed galech's illusion
 38864 | Depths:1 | Killed Mara
 39163 | Depths:1 | Noticed a golden dragon
 39181 | Depths:1 | Killed a golden dragon
 39273 | Depths:1 | Got an encrusted ring mail
 39284 | Depths:1 | Identified the +1 ring mail of Spring {Str+2 Dex+3} (You found it on level 1 of the Depths)
 39736 | Depths:1 | Reached skill level 22 in Shields
 39785 | Depths:1 | Found a gateway to Hell.
 39911 | Depths:1 | Noticed Adolfin's ghost (journeyman MiBe)
 39914 | Depths:1 | Noticed a golden dragon
 39951 | Depths:1 | Killed Adolfin's ghost
 41041 | Depths:1 | Killed a golden dragon
 41159 | Depths:1 | Got a faintly glowing hand axe
 41160 | Depths:1 | Identified the cursed +0 hand axe of the Gloaming {speed, Str+3} (You found it on level 1 of the Depths)
 41244 | Depths:1 | Got a jewelled arbalest
 42050 | Depths:2 | Reached XP level 20. HP: 209/209 MP: 6/6
 42661 | Depths:3 | Reached skill level 15 in Fighting
 42715 | Depths:3 | Found a gateway to a ziggurat.
 42825 | Depths:3 | Found Pewiump's Weapon Boutique.
 43007 | Depths:3 | Found a one-way gate leading to the halls of Pandemonium.
 43824 | Elf:1    | Entered Level 1 of the Elven Halls
 44216 | Elf:1    | Reached skill level 23 in Shields
 44753 | Elf:2    | Found a runed gate.
 44753 | Elf:2    | Found a runed gate.
 45035 | Elf:2    | Found a runed gate.
 45071 | Elf:2    | Got a jewelled ring mail
 45082 | Elf:2    | Identified the +1 ring mail of Minor Irritation {*Contam rElec Stlth+} (You found it on level 2 of the Elven Halls)
 45107 | Elf:2    | Gained mutation: Armour fits poorly on your strangely shaped body. [mutagenic glow]
 45348 | Elf:2    | Reached skill level 10 in Dodging
 45680 | Elf:3    | Entered Level 3 of the Elven Halls
 45731 | Elf:3    | Reached XP level 21. HP: 219/219 MP: 7/7
 45761 | Elf:3    | Found Pischosh's Distillery.
 45769 | Elf:3    | Bought a potion of curing for 48 gold pieces
 45769 | Elf:3    | Bought a potion of beneficial mutation for 560 gold pieces
 45771 | Elf:3    | Gained mutation: You are covered in fur. (AC +1) [potion of beneficial mutation]
 45805 | Elf:3    | Found Yjokesayk's Gadget Emporium.
 45809 | Elf:3    | Found Yzuxkeu's Jewellery Shop.
 45810 | Elf:3    | Found Qacveev's Gadget Emporium.
 45838 | Elf:3    | Bought the ring "Covon" {MR++ Int+5} for 962 gold pieces
 46365 | Elf:3    | Got a dazzling hand axe {vamp}
 46366 | Elf:3    | Identified the +9 hand axe of Mutilation {vamp, Str+4} (You took it off a deep elf demonologist on level 3 of the Elven Halls)
 46436 | Elf:3    | Got a steaming steel ring
 46438 | Elf:3    | Identified the ring "Zipaqaad" {rPois Str+3} (You took it off a deep elf blademaster on level 3 of the Elven Halls)
 46743 | Elf:3    | Found an ancient bone altar of Kikubaaqudgha.
 47581 | Depths:4 | Reached skill level 24 in Shields
 47698 | Depths:4 | Found a one-way gate to the infinite horrors of the Abyss.
 48008 | Depths:4 | Noticed a caustic shrike
 48023 | Depths:4 | Killed a caustic shrike
 48124 | Depths:4 | Noticed a caustic shrike
 48136 | Depths:4 | Killed a caustic shrike
 48156 | Depths:4 | Noticed Xtahua
 48178 | Depths:4 | Noticed a caustic shrike
 48181 | Depths:4 | Killed Xtahua
 48202 | Depths:4 | Killed a caustic shrike
 48226 | Depths:4 | Reached XP level 22. HP: 207/232 MP: 8/8
 48274 | Depths:4 | Got a scorched golden ring
 48276 | Depths:4 | Identified the ring of Darkness {Int+2 Stlth+} (You found it on level 4 of the Depths)
 48590 | Depths:5 | Entered Level 5 of the Depths
 49619 | Depths:5 | Noticed a golden dragon
 49630 | Depths:5 | Killed a golden dragon
 49630 | Depths:5 | Reached skill level 25 in Shields
 50030 | Depths:5 | Found a gate to the Realm of Zot.
 50045 | Depths:5 | Reached skill level 15 in Armour
 51189 | Vaults:1 | Reached XP level 23. HP: 246/246 MP: 8/8
 52389 | Vaults:2 | Found Ymeidum's Book Emporium.
 52535 | Vaults:2 | Reached skill level 26 in Shields
 53322 | Vaults:2 | Found a staircase to the Crypt.
 53333 | Crypt:1  | Entered Level 1 of the Crypt
 53598 | Crypt:1  | Got a heavily runed diamond amulet
 53599 | Crypt:1  | Identified the amulet of the Griffon {Reflect MR+++ SH+5} (You found it on level 1 of the Crypt)
 54518 | Crypt:2  | Reached XP level 24. HP: 259/259 MP: 8/8
 54969 | Crypt:3  | Entered Level 3 of the Crypt
 55384 | Crypt:3  | Found a staircase to the Tomb.
 55575 | Crypt:3  | Reached skill level 27 in Shields
 55943 | Crypt:3  | Noticed an ancient lich
 55943 | Crypt:3  | Noticed an ancient lich
 55943 | Crypt:3  | Noticed an ancient lich
 55951 | Crypt:3  | Identified the Almanac of the Evil Glacier
 55966 | Crypt:3  | Killed an ancient lich
 55967 | Crypt:3  | Killed an ancient lich
 55970 | Crypt:3  | Killed an ancient lich
 56002 | Crypt:3  | Got a steaming scale mail
 56013 | Crypt:3  | Identified the +6 scale mail "Upiexteps" {rCorr SInv} (You found it on level 3 of the Crypt)
 56601 | Slime:1  | Entered Level 1 of the Pits of Slime
 56661 | Slime:1  | Gained mutation: Scrolls take you a little longer to read. [a shining eye]
 56665 | Slime:1  | Gained mutation: You occasionally shout uncontrollably at your foes. [a shining eye]
 56667 | Slime:1  | Gained mutation: You sometimes yell uncontrollably at your foes. [a shining eye]
 56668 | Slime:1  | Gained mutation: You are dopey. (Int -2) [a shining eye]
 57007 | Slime:1  | Gained mutation: You expend magic power (3 MP) to strengthen your wands. [a shining eye]
 57012 | Slime:1  | Lost mutation: Armour fits poorly on your strangely shaped body. [a shining eye]
 57014 | Slime:1  | Gained mutation: Your spells are a little easier to cast, but a little less powerful. [a shining eye]
 57215 | Slime:2  | Gained mutation: Your spells are easier to cast, but less powerful. [a shining eye]
 57217 | Slime:2  | Gained mutation: You are weak. (Str -2) [a shining eye]
 57476 | Slime:3  | Gained mutation: You are very weak. (Str -4) [a shining eye]
 57744 | Slime:3  | Gained mutation: You are very dopey. (Int -4) [a shining eye]
 58007 | Slime:4  | Gained mutation: Your magical capacity is low. (-10% MP) [a shining eye]
 58009 | Slime:4  | Gained mutation: Your spells are much easier to cast, but much less powerful. [a shining eye]
 58019 | Slime:4  | Gained mutation: Armour fits poorly on your strangely shaped body. [a shining eye]
 58423 | Slime:5  | Entered Level 5 of the Pits of Slime
 58467 | Slime:5  | Reached XP level 25. HP: 272/272 MP: 2/4
 58488 | Slime:5  | Found a viscous altar of Jiyva.
 58489 | Slime:5  | Noticed the Royal Jelly
 58522 | Slime:5  | Killed the Royal Jelly
 58531 | Slime:5  | Noticed Dissolution
 58533 | Slime:5  | Gained mutation: Scrolls take you longer to read. [a shining eye]
 58534 | Slime:5  | Gained mutation: Your magical capacity is very low. (-20% MP) [a shining eye]
 58537 | Slime:5  | Gained mutation: You frequently scream uncontrollably at your foes. [a shining eye]
 58539 | Slime:5  | Paralysed by a floating eye for 3 turns
 58540 | Slime:5  | Gained mutation: You tend to lose your temper in combat. [a shining eye]
 58544 | Slime:5  | Lost mutation: You are robust. (+10% HP) [a shining eye]
 58544 | Slime:5  | Gained mutation: Scrolls take you much longer to read. [a shining eye]
 58546 | Slime:5  | Lost mutation: You expend magic power (3 MP) to strengthen your wands. [a shining eye]
 58555 | Slime:5  | Killed Dissolution
 58557 | Slime:5  | Lost mutation: You are partially covered in icy blue scales. (AC +2) [a shining eye]
 58559 | Slime:5  | Gained mutation: You are clumsy. (Dex -2) [a shining eye]
 58586 | Slime:5  | Got a translucent broad axe
 58587 | Slime:5  | Identified the +4 broad axe of Ushow {flame, +Blink rC+ Dex-4} (You found it on level 5 of the Pits of Slime)
 58637 | Slime:5  | Got a slimy rune of Zot
 58702 | Slime:5  | Got an ancient platinum ring
 58708 | Slime:5  | Identified the ring "Lepiler" {rF+ Str+2 Int+3 Dex-4 Slay+3} (You found it on level 5 of the Pits of Slime)
 58885 | Slime:5  | Gained mutation: You are very clumsy. (Dex -4) [a shining eye]
 58891 | Slime:5  | Gained mutation: Your body sometimes deteriorates upon taking damage. [a shining eye]
 59594 | D:15     | You showed the slimy rune of Zot to enter a treasure trove
 59595 | Trove    | Entered a treasure trove
 59644 | Trove    | Identified the +0 shield "Kiasupn" {Int+4} (You found it in a treasure trove)
 59650 | Trove    | Identified the ring of Gozag's Delight {rC+ Str+3 Dex+2} (You found it in a treasure trove)
 59876 | Hell     | Entered the Vestibule of Hell
 59876 | Hell     | Noticed Geryon
 60122 | Hell     | Killed Geryon
 60154 | Hell     | Found a gateway to the Iron City of Dis.
 60225 | Hell     | Found a gateway to the freezing wastes of Cocytus.
 60433 | Hell     | Found a gateway to the ashen valley of Gehenna.
 60563 | Hell     | Found a gateway to the decaying netherworld of Tartarus.
 60853 | Dis:1    | Entered Level 1 of the Iron City of Dis
 61733 | Vaults:3 | Noticed Asterion
 61756 | Vaults:3 | Killed Asterion
 61968 | Vaults:3 | Reached XP level 26. HP: 262/262 MP: 0/0
 62457 | Vaults:3 | Identified a scroll of acquirement
 62463 | Vaults:3 | Got a dazzling large shield
 62474 | Vaults:3 | Identified the +0 large shield of Twilight {MP+9 Dex+4} (You acquired it on level 3 of the Vaults)
 64309 | Vaults:5 | Entered Level 5 of the Vaults
 66360 | Vaults:5 | Reached XP level 27. HP: 238/274 MP: 0/0
 66512 | Vaults:5 | Got a pitted lead amulet
 66536 | Vaults:5 | Got a pair of scorched gloves
 66561 | Vaults:5 | Identified the -4 pair of gloves "Douq" {Stlth+} (You acquired it on level 5 of the Vaults)
 66614 | Vaults:5 | Got a distressingly furry chain mail
 66625 | Vaults:5 | Identified the +8 chain mail "Quotz" {Int+3 Stlth+} (You took it off a vault warden on level 5 of the Vaults)
 66668 | Vaults:5 | Got a pair of slimy gloves
 66679 | Vaults:5 | Identified the +2 pair of gloves "Cebewy" {*Contam Str+5} (You found it on level 5 of the Vaults)
 66756 | Vaults:5 | Got a warped broad axe
 66757 | Vaults:5 | Identified the cursed +3 broad axe of Royalism {chop, rElec rF+ Str+3 Int+2} (You found it on level 5 of the Vaults)
 66758 | Vaults:5 | Identified Ximnuagu's Early Guide to Hermeneutics
 66906 | Vaults:5 | Identified the Grimoire of the Unstable Arsonist
 67086 | Vaults:5 | Identified the amulet of Summertime {Reflect +Blink rF- rN+ Dex+2 SH+3} (You took it off a tengu reaver on level 5 of the Vaults)
 67381 | Vaults:5 | Identified the +0 pair of gloves of the Orcish Mines {rN+} (You acquired it on level 5 of the Vaults)
 67406 | Vaults:5 | Got a silver rune of Zot
 67790 | Tomb:1   | Entered Level 1 of the Tomb of the Ancients
 67926 | Tomb:1   | Noticed a greater mummy
 67967 | Tomb:1   | HP: 6/277 [guardian mummy's death curse (23)]
 67967 | Tomb:1   | HP: 2/277 [freezing wraith[a greater mummy] (4)]
 67967 | Tomb:1   | Mangled by a freezing wraith

Skill      XL: |  1  2  3  4  5  6  7  8  9 10 11 12 13 14 15 16 17 18 19 20 21 22 23 24 25 26 27 |
---------------+----------------------------------------------------------------------------------+-----
Fighting       | 3 4 5 6 7 8 9 10 11 12 13 14 15 16 17 18 19 20 21 22 | 22.1
Armour         | 4 5 6 7 8 9 10 11 12 13 14 15 16 17 | 17.3
Axes           | 3 4 5 6 8 10 11 13 14 15 16 17 18 19 20 21 22 23 25 26 | 26.9
Dodging        | 1 2 3 4 5 6 7 8 9 10 11 12 13 | 13.5
Shields        | 4 5 6 8 9 10 12 13 14 16 18 19 21 22 23 24 25 26 27 | 27.0
Evocations     | 1 2 3 5 6 8 |  8.2
Stealth        | 1 2 3 4 |  4.4

Action                   |  1- 3 |  4- 6 |  7- 9 | 10-12 | 13-15 | 16-18 | 19-21 | 22-24 | 25-27 || total
-------------------------+-------+-------+-------+-------+-------+-------+-------+-------+-------++-------
Melee: War axe           |   146 |   159 |   499 |     8 |   974 |  1604 |  1755 |  2187 |    80 ||  7412
       Kick              |       |       |    68 |   188 |   566 |   388 |       |       |       ||  1210
       Broad axe         |       |       |       |   639 |   564 |       |       |    32 |  1627 ||  2862
 Abil: Device Recharging |       |     1 |     5 |     4 |     7 |       |     1 |     4 |     1 ||    23
       Evoke Berserk Rag |       |       |       |     3 |     6 |     2 |     2 |     1 |       ||    14
       Evoke Flight      |       |       |       |       |       |       |     2 |       |       ||     2
       Evoke Blink       |       |       |       |       |       |       |       |       |     2 ||     2
Evoke: Wand              |     1 |     5 |    21 |    14 |    32 |     1 |     5 |    26 |     9 ||   114
  Use: Scroll            |       |       |     6 |    11 |    20 |    16 |     9 |     6 |    25 ||    93
       Potion            |       |       |       |       |       |       |     1 |       |    12 ||    13
 Stab: Invisible         |       |       |       |     2 |       |       |       |       |       ||     2
       Distracted        |       |       |       |     1 |       |       |     2 |       |       ||     3
  Eat: Chunk             |     1 |     6 |    19 |    26 |    38 |    30 |    28 |    20 |    11 ||   179
       Meat ration       |       |       |     1 |     3 |       |       |     1 |     3 |     4 ||    12
       Fruit             |       |       |       |     7 |       |       |     4 |       |     3 ||    14
       Bread ration      |       |       |       |     3 |       |       |       |       |       ||     3
       Royal jelly       |       |       |       |     2 |       |       |       |       |       ||     2
       Pizza             |       |       |       |     1 |       |     1 |     1 |     1 |       ||     4
       Beef jerky        |       |       |       |       |     1 |       |       |       |       ||     1
Armor: Scale mail        |    60 |    72 |   176 |    18 |       |       |       |       |       ||   326
       Plate armour      |       |       |       |    94 |       |       |       |       |       ||    94
       Chain mail        |       |       |       |   215 |   514 |   314 |   330 |   359 |   675 ||  2407
Dodge: Dodged            |    38 |    63 |   128 |   130 |   271 |   252 |   242 |   309 |   520 ||  1953
Block: Shield            |    91 |    91 |    16 |       |       |       |       |       |       ||   198
       Large shield      |       |       |   432 |   671 |  1780 |  1838 |  1719 |  2172 |  3017 || 11629
       Reflection        |       |       |       |       |       |       |       |    18 |   117 ||   135
